 Dungeon Crawl Stone Soup version 0.21-a0-404-g291f19a (webtiles) character file.

39 FerrousOx the Grave Robber (level 3, -2/24 HPs)
             Began as a Demonspawn Necromancer on Oct 30, 2017.
             Slain by Natasha (10 damage)
             ... on level 2 of the Dungeon.
             The game lasted 00:02:44 (2039 turns).

FerrousOx the Grave Robber (Demonspawn Necromancer) Turns: 2039, Time: 00:02:45

Health: -2/24      AC:  2    Str:  8    XL:     3   Next: 26%
Magic:  5/6        EV: 12    Int: 17    God:
Gold:   81         SH:  0    Dex: 13    Spells: 1/6 levels left

rFire    . . .     SeeInvis .   i - +0 dagger
rCold    + . .     Gourm    .   (no shield)
rNeg     . . .     Faith    .   a - +0 robe
rPois    .         Spirit   .   (no helmet)
rElec    .         Reflect  .   (no cloak)
rCorr    .         Harm     .   (no gloves)
MR       .....                  (no boots)
Stlth    ++........             (no amulet)
HPRegen  0.08/turn              (no ring)
MPRegen  0.10/turn              (no ring)

@: slowed, very slow
A: cold resistance 1
a: no special abilities


You were on level 2 of the Dungeon.
You were not hungry.

You visited 1 branch of the dungeon, and saw 2 of its levels.

You collected 81 gold pieces.

Inventory:

Hand Weapons
 i - a +0 dagger (weapon)
Armour
 a - a +0 robe (worn)
Jewellery
 d - an uncursed ring of magical power {unknown}
Scrolls
 e - 2 scrolls of teleportation {unknown}
 f - a scroll of enchant armour {unknown}
 j - a scroll of fog {unknown}
 k - a scroll of amnesia {unknown}
 o - a scroll of remove curse {unknown}
 q - a scroll of identify {unknown}
Potions
 g - a potion of might {unknown}
 h - 2 potions of haste {unknown}
 m - a potion of brilliance {unknown}
Books
 b - a book of Necromancy

   Spells                             Type                      Level
   a - Pain                           Necromancy                   1
   b - Animate Skeleton               Necromancy                   1
   c - Vampiric Draining              Necromancy                   3
   d - Regeneration                   Charms/Necromancy            3
   e - Animate Dead                   Necromancy                   4
   f - Control Undead                 Necromancy                   4
Comestibles
 c - a bread ration
 l - a royal jelly
 n - 4 fruits
 p - a meat ration
 r - 2 chunks of flesh


   Skills:
 - Level 1.7 Dodging
 - Level 1.7 Stealth
 + Level 2.4 Spellcasting
 * Level 5.3 Necromancy


You had one spell level left.
You knew the following spells:

 Your Spells              Type           Power        Failure   Level  Hunger
a - Pain                  Necr           ###.         1%          1    #......
b - Animate Skeleton      Necr           N/A          1%          1    #......
c - Vampiric Draining     Necr           ###.......   6%          3    ###....


Dungeon Overview and Level Annotations

Branches:
Dungeon (2/15)

Altars:
Sif Muna

Annotations:
D:2 Natasha


Innate Abilities, Weirdness & Mutations

Your flesh is cold resistant. (rC+)


Message History

There is a stone staircase leading down here.
Found 20 stones.
Found a stone staircase leading down.
You see here a mace.
You see here 20 stones.
There is a stone staircase leading down here.
Natasha, Servant of Life and Death comes into view.
Natasha hisses angrily.
Natasha casts a spell at you.
You feel yourself slow down. Natasha casts a spell at you.
The magic dart hits you!
There is a shaft here.
Natasha claws you!
Casting: Pain
Confirm with . or Enter, or press ? or * to list all spells.
Aiming: Pain
Press: ? - help, Shift-Dir - straight line, f - Natasha
Aim: Natasha (chance to defeat MR: 80%) Natasha writhes in agony!
Natasha claws you!
You die...

#######
.......#############
#h@^..........#
#############.# #.#
##### #.#
#...######.#####
#...........#.(.
#...######..#.##
##.## #..#.# #.##
#..#.##


You could see Natasha.

Vanquished Creatures
  An adder (D:2)
  A worm (D:2)
  A leopard gecko (D:1)
  9 bats
  A goblin (D:2)
  A hobgoblin (D:1)
  2 jackals (D:2)
  A ball python (D:1)
  2 frilled lizards (D:1)
  5 kobolds
  3 rats (D:1)
27 creatures vanquished.

Notes
Turn   | Place    | Note
-------+----------+-------------------------------------------
     0 | D:1      | FerrousOx the Demonspawn Necromancer began the quest for the Orb.
     0 | D:1      | Reached XP level 1. HP: 13/13 MP: 3/3
   352 | D:1      | Learned a level 1 spell: Animate Skeleton
   628 | D:1      | Gained mutation: Your flesh is cold resistant. (rC+) [demonic ancestry]
   628 | D:1      | Reached XP level 2. HP: 17/19 MP: 1/5
   767 | D:1      | Reached skill level 5 in Necromancy
  1528 | D:2      | Reached XP level 3. HP: 19/24 MP: 3/6
  1536 | D:2      | Learned a level 3 spell: Vampiric Draining
  1606 | D:2      | Found a deep blue altar of Sif Muna.
  2035 | D:2      | Noticed Natasha
  2039 | D:2      | Slain by Natasha

Vault maps used:
D:1:      tarquinn_simple_flora_water_d, kennysheep_doodads
D:2:      old_standard_altar, uniq_natasha

Skill      XL: |  1  2 |
---------------+-------+-----
Necromancy     | 5 |  5.3
Dodging        | |  1.7
Stealth        | |  1.7
Spellcasting   | |  2.4

Action                   || total
-------------------------++-------
Melee: Unarmed           ||     8
       Dagger            ||     9
 Cast: Pain              ||    53
  Eat: Chunk             ||     4
Armor: Robe              ||    28
Dodge: Dodged            ||    38

Table legend:
 A = Spawn XP
 B = Non-spawn XP
 C = Spawn XP percentage of total XP
 D = Spawn monster count
 E = Non-spawn monster count
 F = Spawn count percentage of total count
 G = Total turns spent on level
                    A         B        C        D         E        F      G
               +---------+---------+-------+---------+---------+-------+---------
         Total |       0 |      56 |   0.0 |       0 |      27 |   0.0 |  2039
               +---------+---------+-------+---------+---------+-------+---------
           D:1 |       0 |      28 |   0.0 |       0 |      19 |   0.0 |  1452
           D:2 |       0 |      28 |   0.0 |       0 |       8 |   0.0 |   587
               +---------+---------+-------+---------+---------+-------+---------
